 Dungeon Crawl Stone Soup version 0.31-a0-361-g0f8bd3a31e (webtiles) character file.

Game seed: 8127658716656292370

7510 MagicalGirl the Grappler (level 11, 0/92 HPs)
             Began as a Gnoll Shapeshifter on July 27, 2023.
             Was an Elder of Ashenzari.
             Slain by a yak (13 damage)
             ... on level 8 of the Dungeon.
             The game lasted 00:21:46 (9286 turns).

MagicalGirl the Grappler (Gnoll Shapeshifter)       Turns: 9286, Time: 00:21:46

Health: 0/92       AC: 12    Str: 14    XL:     11   Next: 16%
Magic:  24/24      EV: 16    Int: 15    God:    Ashenzari [****..]
Gold:   488        SH:  0    Dex: 13    Spells: 21/29 levels left

rFire   x .          .
                       - Unarmed
rCold   + . .        (no shield)
rNeg    . . .        s - +2 robe "Share My Fetters" {Will+, Fort, Elem} (curse)
rPois   +            n - +1 helmet "Thunder Perfect Mind" {Int+3, Elem, Self} (curse)
rElec   .            p - +0 cloak of the Chained Morality {Self, Bglg} (curse)
rCorr   .            i - +1 pair of gloves of the Manifest Empyrean {Self, Range} (curse)
SInv    +            f - +0 pair of boots of Supernal Knowledge {Cun, Alch} (curse)
Will    +....        (no amulet)
Stlth   ++++         a - ring of Supernal Knowledge {Ice, Bglg, Elem} (curse)
HPRegen 0.35/turn    w - ring of Ashenzari's Doubts {rPois, Alch, Fort} (curse)
MPRegen 0.19/turn

%: clarity
@: marked
A: fangs 1, strong nose, distributed training
a: Renounce Religion, Curse Item, Shatter the Chains


You were on level 8 of the Dungeon.
You worshipped Ashenzari.
Ashenzari was greatly pleased with you.
You visited 1 branch of the dungeon, and saw 9 of its levels.

You collected 488 gold pieces.

Inventory:

Hand Weapons
 A - a +4 heavy war axe
 D - a +0 heavy trident
Missiles
 t - 2 throwing nets
Armour
 b - +0 steam dragon scales
 f - the cursed +0 pair of boots of Supernal Knowledge (worn) {Cun, Alch}
   (You found it on level 1 of the Dungeon)

   It has a curse which improves the following skills: Cunning: Dodging and
   Stealth.
   Alchemy:   Poison Magic and Transmutations.
 i - the cursed +1 pair of gloves of the Manifest Empyrean (worn) {Self, Range}
   (You found it on level 3 of the Dungeon)

   It has a curse which improves the following skills: Introspection: Fighting
   and Spellcasting.
   Ranged Combat: Ranged Weapons and Throwing.
 n - the cursed +1 helmet "Thunder Perfect Mind" (worn) {Int+3, Elem, Self}
   (You found it on level 2 of the Dungeon)

   It has a curse which improves the following skills: Elements: Fire Magic, Ice
   Magic, Air Magic and Earth Magic.
   Introspection: Fighting and Spellcasting.
 p - the cursed +0 cloak of the Chained Morality (worn) {Self, Bglg}
   (You found it on level 3 of the Dungeon)

   It has a curse which improves the following skills: Introspection: Fighting
   and Spellcasting.
   Beguiling: Conjurations, Hexes and Translocations.
 s - the cursed +2 robe "Share My Fetters" (worn) {Will+, Fort, Elem}
   (You took it off an orc wizard on level 5 of the Dungeon)

   It has a curse which improves the following skills: Fortitude: Armour and
   Shields.
   Elements:  Fire Magic, Ice Magic, Air Magic and Earth Magic.
Jewellery
 a - the cursed ring of Supernal Knowledge (left hand) {Ice, Bglg, Elem}
   (You found it on level 6 of the Dungeon)

   [ring of ice]

   It enhances your ice magic.
   rF:        It makes you vulnerable to fire.
   rC:        It protects you from cold.
   It has a curse which improves the following skills: Beguiling: Conjurations,
   Hexes and Translocations.
   Elements:  Fire Magic, Ice Magic, Air Magic and Earth Magic.
 w - the cursed ring of Ashenzari's Doubts (right hand) {rPois, Alch, Fort}
   (You took it off a gnoll on level 7 of the Dungeon)

   [ring of poison resistance]

   rPois:     It protects you from poison.
   It has a curse which improves the following skills: Alchemy: Poison Magic and
   Transmutations.
   Fortitude: Armour and Shields.
Talismans
 c - a beast talisman
 l - a maw talisman
Wands
 d - a wand of digging (1)
 e - a wand of roots (9)
 k - a wand of paralysis (7)
 q - a wand of flame (4)
 v - a wand of polymorph (4)
Scrolls
 h - a scroll of teleportation
 B - a scroll of brand weapon
Potions
 j - 4 potions of mutation
 m - a potion of haste
 o - a potion of ambrosia
 x - 2 potions of lignification
 z - a potion of might
 E - 2 potions of enlightenment


   Skills:
 + Level 6.7(10.3) Fighting
 + Level 6.1 Short Blades
 + Level 6.1 Long Blades
 + Level 6.1 Axes
 + Level 6.1 Maces & Flails
 + Level 6.1 Polearms
 + Level 6.1 Staves
 + Level 6.1(8.0) Ranged Weapons
 + Level 6.1(8.0) Throwing
 + Level 6.1(8.8) Armour
 + Level 7.7(9.6) Dodging
 + Level 6.1(8.0) Stealth
 + Level 6.1(8.8) Shields
 + Level 9.1 Unarmed Combat
 + Level 6.1(9.7) Spellcasting
 + Level 5.1(7.7) Conjurations
 + Level 5.1(7.7) Hexes
 + Level 5.1 Summonings
 + Level 5.1 Necromancy
 + Level 5.1(7.7) Translocations
 + Level 5.1(7.7) Transmutations
 + Level 5.1(8.5) Fire Magic
 + Level 5.1(8.5) Ice Magic
 + Level 5.1(8.5) Air Magic
 + Level 5.1(8.5) Earth Magic
 + Level 5.1(7.7) Poison Magic
 + Level 6.7 Invocations
 + Level 6.1 Evocations
 + Level 8.4 Shapeshifting


You had 21 spell levels left.
You knew the following spells:

 Your Spells              Type           Power      Damage    Failure   Level
a - Confusing Touch       Hex            30%        N/A       1%          3
b - Yara's Violent Unrav  Hex/Tmut       15%        3d8       12%         5

Your spell library contained the following spells:

 Spells                   Type           Power      Damage    Failure   Level
 Kiss of Death            Conj/Necr      100%       2d13      1%          1
 Magic Dart               Conj           100%       1d8       1%          1
 Blink                    Tloc           60%        N/A       1%          2
 Cigotuvi's Dreadful Rot  Necr/Pois/Air  56%        N/A       1%          2
 Ensorcelled Hibernation  Hex/Ice        94%        N/A       1%          2
 Lesser Beckoning         Tloc           60%        N/A       1%          2
 Momentum Strike          Conj/Tloc      60%        3d9       1%          2
 Searing Ray              Conj           60%        2d6       1%          2
 Sublimation of Blood     Necr           22%        N/A       1%          2
 Wereblood                Tmut           30%        N/A       1%          2
 Gell's Gravitas          Tloc           30%        N/A       1%          3
 Ignite Poison            Fire/Tmut/Pois 31%        N/A       1%          3
 Teleport Other           Tloc           30%        N/A       1%          3
 Tukima's Dance           Hex            30%        N/A       1%          3
 Fulminant Prism          Conj/Hex       15%        3d10      4%          4
 Passage of Golubria      Tloc           30%        N/A       4%          4
 Anguish                  Hex/Necr       13%        N/A       7%          4
 Freezing Cloud           Conj/Ice/Air   24%        6-21      10%         5
 Dispel Undead            Necr           22%        3d12      12%         4
 Irradiate                Conj/Tmut      15%        3d16      12%         5
 Dispersal                Tloc           15%        N/A       54%         6
 Summon Hydra             Summ           11%        N/A       100%        7


Dungeon Overview and Level Annotations

Branches:
Dungeon (9/15)             Temple (0/1) D:5
   Lair: D:8-11         Orc: D:9-12

Altars:
Ashenzari
Dithmenos
Elyvilon
Fedhas
Gozag
Ru
Uskayaw
Vehumet
Wu Jian
Zin
The Shining One

Shops:
D:6 *

Annotations:
D:5 2 transporters, MacCMillion's ghost, novice MfSh
D:9 Harold


Innate Abilities, Weirdness & Mutations

You have very sharp teeth.
Your uncanny sense of smell can sniff out nearby items.
Your experience applies equally to all skills.


Message History

Blink to where?
Press: ? - help, Q - select action, (/) - cycle Dir - move target
Found 10 gold pieces.
Found a stone staircase leading up.
As you read the scroll of blinking, it crumbles to dust.
g - a potion of heal wounds Harold throws a throwing net.
The throwing net hits you.
You become entangled in the net!
You see here a throwing net.
You struggle against the net.
You struggle against the net.
You struggle against the net.
Harold casts a spell at you.
You barely resist.
You rip the net and break free!
Harold fires a harpoon shot at you. The harpoon shot hits you!
* * * LOW HITPOINT WARNING * * *
You are yanked forward by the harpoon shot.
A centaur opens the door.
You feel much better. Harold misses you. The yak closely misses you.
The yak gores you but does no damage. The centaur attacks as you move away!
The centaur unwields a +0 orcbow.
The centaur hits you but does no damage.
The centaur kicks you but does no damage.
The centaur wields a +0 orcbow.
The centaur shoots an arrow.
The arrow barely misses you. Harold fires a harpoon shot at you.
The harpoon shot misses you. The yak closely misses you.
A steam dragon comes into view.
There is a stone staircase leading up here.
The yak gores you!
* * * LOW HITPOINT WARNING * * *
You climb upwards.
There is a stone staircase leading down here.
You closely miss the yak. The yak barely misses you. The yak gores you!
* * * LOW HITPOINT WARNING * * *
You barely miss the yak. The yak gores you.
* * * LOW HITPOINT WARNING * * *
The yak gores you!
You die...

######### #.).....#
##########
############.#.###.#
##........#
#..Y@Y..:[[.....##.##
......###.#
#.##########.....#...
##.##.# #.# #.#
##...##### #.##.###.#
#.# ##.## #
#.##..##.# #.# #.# #
##.###.##.# #.### #.#
# #.........# #...#
##+## # .....#.####
###.# ##...## #
.8.8.#.# #.##
##.....## #


You could see 2 yaks.

Vanquished Creatures
  A two-headed ogre (D:8)
  A deep elf pyromancer (D:9)
  Maggie (D:6)
  2 kobold demonologists (D:8)
  A troll (D:8)
  A meliai (D:9)
  Grinder (D:6)
  A hornet (D:9)
  A yak (D:9)
  2 wyverns
  Eustachio (D:5)
  3 water moccasins
  An ice beast (D:5)
  3 sky beasts
  2 black bears
  2 ogres
  4 centaurs
  2 phantoms
  Blork the orc (D:6)
  3 kobold brigands
  2 bullfrogs
  A gnoll sergeant (D:8)
  A scorpion (D:5)
  16 wights
  6 killer bees (D:6)
  3 howler monkeys
  4 gnoll boudas
  8 orc priests
  2 hounds (D:6)
  A sleepcap (D:8)
  Jessica (D:2)
  Terence (D:2)
  Natasha (twice) (D:2)
  An iguana (D:6)
  8 orc wizards
  20 gnolls
  8 adders
  2 shadow imps
  2 white imps
  An ufetubus (D:4)
  A worm (D:2)
  7 dart slugs
  25 orcs
  6 ball pythons
  5 endoplasms
  7 giant cockroaches
  6 hobgoblins
  4 jackals (D:3)
  13 kobolds
  2 quokkas
  6 bats
  11 frilled lizards
  4 goblins
  2 rats
223 creatures vanquished.

Notes
Turn   | Place    | Note
-------+----------+-------------------------------------------
     0 | D:1      | MagicalGirl the Gnoll Shapeshifter began the quest for the
                  | Orb.
     0 | D:1      | Reached XP level 1. HP: 17/17 MP: 1/1
   176 | D:1      | Reached XP level 2. HP: 17/23 MP: 2/2
   394 | D:1      | Reached XP level 3. HP: 28/28 MP: 3/3
   594 | D:2      | Found a faded altar of an unknown god.
   628 | D:2      | Prayed at the altar of an unknown god.
   628 | D:2      | Became a worshipper of Ashenzari the Shackled
   640 | D:2      | Reached skill level 1 in Invocations
   712 | D:2      | Noticed Jessica
   720 | D:2      | Killed Jessica
   721 | D:2      | Reached skill level 1 in Short Blades
   721 | D:2      | Reached skill level 1 in Long Blades
   721 | D:2      | Reached skill level 1 in Axes
   721 | D:2      | Reached skill level 1 in Maces & Flails
   721 | D:2      | Reached skill level 1 in Polearms
   721 | D:2      | Reached skill level 1 in Staves
   721 | D:2      | Reached skill level 1 in Ranged Weapons
   721 | D:2      | Reached skill level 1 in Throwing
   721 | D:2      | Reached skill level 1 in Armour
   721 | D:2      | Reached skill level 1 in Stealth
   721 | D:2      | Reached skill level 1 in Shields
   721 | D:2      | Reached skill level 1 in Spellcasting
   721 | D:2      | Reached skill level 1 in Evocations
   721 | D:2      | Reached XP level 4. HP: 25/34 MP: 5/5
   819 | D:2      | Noticed Terence
   827 | D:2      | Killed Terence
   828 | D:2      | Reached skill level 1 in Conjurations
   828 | D:2      | Reached skill level 1 in Hexes
   828 | D:2      | Reached skill level 1 in Summonings
   828 | D:2      | Reached skill level 1 in Necromancy
   828 | D:2      | Reached skill level 1 in Translocations
   828 | D:2      | Reached skill level 1 in Transmutations
   828 | D:2      | Reached skill level 1 in Fire Magic
   828 | D:2      | Reached skill level 1 in Ice Magic
   828 | D:2      | Reached skill level 1 in Air Magic
   828 | D:2      | Reached skill level 1 in Earth Magic
   828 | D:2      | Reached skill level 1 in Poison Magic
  1189 | D:2      | Noticed Natasha
  1194 | D:2      | Killed Natasha
  1195 | D:2      | Reached XP level 5. HP: 14/40 MP: 5/7
  1333 | D:2      | Noticed Natasha
  1339 | D:2      | Killed Natasha
  1382 | D:3      | Identified the cursed +0 animal skin of Ashenzari's Vision
                  | {Comp, Elem}
  1541 | D:3      | Found a shadowy altar of Dithmenos.
  1771 | D:3      | Reached * piety under Ashenzari
  1856 | D:3      | Found an opulent altar of Gozag.
  1883 | D:3      | Found a glowing silver altar of Zin.
  1971 | D:4      | Found an ornate altar of the Wu Jian Council.
  2107 | D:4      | Noticed an ogre
  2119 | D:4      | Killed an ogre
  2120 | D:4      | Reached skill level 5 in Dodging
  2120 | D:4      | Reached XP level 6. HP: 44/48 MP: 9/9
  2161 | D:4      | Reached ** piety under Ashenzari
  2175 | D:4      | Found a sacrificial altar of Ru.
  2411 | D:4      | Noticed a sky beast
  2422 | D:4      | Killed a sky beast
  2934 | D:5      | Entered Level 5 of the Dungeon
  2946 | D:5      | Reached XP level 7. HP: 51/56 MP: 12/12
  3011 | D:5      | Reached skill level 7 in Unarmed Combat
  3066 | D:5      | Found a radiant altar of Vehumet.
  3102 | D:5      | Noticed MacCMillion's ghost (novice MfSh)
  3102 | D:5      | Noticed a two-headed ogre
  3103 | D:5      | Found a transporter.
  3128 | D:5      | Found a transporter.
  3487 | D:5      | Reached XP level 8. HP: 44/63 MP: 14/14
  3491 | D:5      | Learned a level 3 spell: Confusing Touch
  3565 | D:5      | Found a staircase to the Ecumenical Temple.
  3580 | D:5      | Reached *** piety under Ashenzari
  3673 | D:5      | Noticed Eustachio
  3693 | D:5      | Killed Eustachio
  3732 | D:5      | Identified the cursed +0 cloak of the Chained Morality
                  | {Self, Bglg} (You found it on level 3 of the Dungeon)
  3732 | D:5      | Identified the cursed +1 helmet "Thunder Perfect Mind"
                  | {Int+3, Elem, Self} (You found it on level 2 of the
                  | Dungeon)
  3732 | D:5      | Identified the cursed +1 pair of gloves of the Manifest
                  | Empyrean {Self, Range} (You found it on level 3 of the
                  | Dungeon)
  3732 | D:5      | Identified the cursed +0 pair of boots of Supernal
                  | Knowledge {Cun, Alch} (You found it on level 1 of the
                  | Dungeon)
  4146 | D:6      | Noticed Maggie
  4147 | D:6      | Noticed Grinder
  4462 | D:6      | Killed Grinder
  4544 | D:6      | Reached XP level 9. HP: 64/66 MP: 14/14
  4651 | D:6      | Killed Maggie
  4805 | D:6      | Reached skill level 5 in Fighting
  4966 | D:6      | Noticed Blork the orc
  5016 | D:6      | Killed Blork the orc
  5180 | D:6      | Reached skill level 8 in Unarmed Combat
  5255 | D:6      | Found Bamiczes's Serpentskin Sales.
  5272 | D:6      | Reached skill level 5 in Invocations
  6346 | D:7      | Reached XP level 10. HP: 82/82 MP: 21/21
  6561 | D:7      | Reached skill level 5 in Short Blades
  6561 | D:7      | Reached skill level 5 in Long Blades
  6561 | D:7      | Reached skill level 5 in Axes
  6561 | D:7      | Reached skill level 5 in Maces & Flails
  6561 | D:7      | Reached skill level 5 in Polearms
  6561 | D:7      | Reached skill level 5 in Staves
  6561 | D:7      | Reached skill level 5 in Ranged Weapons
  6561 | D:7      | Reached skill level 5 in Throwing
  6561 | D:7      | Reached skill level 5 in Armour
  6561 | D:7      | Reached skill level 5 in Stealth
  6561 | D:7      | Reached skill level 5 in Shields
  6561 | D:7      | Reached skill level 5 in Spellcasting
  6561 | D:7      | Reached skill level 5 in Evocations
  6631 | D:7      | Reached **** piety under Ashenzari
  6677 | D:8      | Noticed a kobold demonologist
  6677 | D:8      | Noticed a kobold demonologist
  6678 | D:8      | Found a transporter.
  6679 | D:8      | Noticed a two-headed ogre
  6693 | D:8      | Killed a two-headed ogre
  6873 | D:8      | Learned a level 5 spell: Yara's Violent Unravelling
  6982 | D:8      | Killed a kobold demonologist
  6985 | D:8      | Killed a kobold demonologist
  6995 | D:8      | Found a transporter.
  7139 | D:8      | Found a glowing golden altar of the Shining One.
  7295 | D:8      | Found a hide-covered altar of Uskayaw.
  8888 | D:9      | Found a broken altar of Ashenzari.
  8888 | D:9      | Found a white marble altar of Elyvilon.
  8890 | D:9      | Found a blossoming altar of Fedhas.
  8915 | D:9      | Noticed a deep elf pyromancer
  8973 | D:9      | Reached XP level 11. HP: 48/90 MP: 24/24
  9004 | D:9      | Reached skill level 9 in Unarmed Combat
  9031 | D:9      | Killed a deep elf pyromancer
  9032 | D:9      | Reached skill level 5 in Conjurations
  9032 | D:9      | Reached skill level 5 in Hexes
  9032 | D:9      | Reached skill level 5 in Summonings
  9032 | D:9      | Reached skill level 5 in Necromancy
  9032 | D:9      | Reached skill level 5 in Translocations
  9032 | D:9      | Reached skill level 5 in Transmutations
  9032 | D:9      | Reached skill level 5 in Fire Magic
  9032 | D:9      | Reached skill level 5 in Ice Magic
  9032 | D:9      | Reached skill level 5 in Air Magic
  9032 | D:9      | Reached skill level 5 in Earth Magic
  9032 | D:9      | Reached skill level 5 in Poison Magic
  9047 | D:9      | Noticed Harold
  9286 | D:8      | Slain by a yak

Illustrated notes

Levels and vault maps discovered:
D:1:      reono_arrival_forest_river, layout_rooms, minmay_lizard_king
D:2:      layout_basic, ebering_ecumenical_altar_ruins, moated_statue,
          hangedman_decor_points, uniq_jessica, uniq_natasha, uniq_terence
D:3:      layout_rooms, nicolae_overflow_crystal_walls,
          pdpol_temple_overflow_zin_treasury_gozag_greed
D:4:      layout_gridville, nicolae_ru_awakened_eye,
          nicolae_wu_jian_glorious_leap, hex_tiny
D:5:      layout_basic, mainiacjoe_overflow_tiny_flanked, temple_green,
          gammafunk_ghost_arena, chequers_serial_rivers_large_b,
          nicolae_half_adder, uniq_eustachio
D:6:      layout_basic, guppyfry_shop_venom, uniq_grinder, uniq_blork_the_orc,
          uniq_maggie
D:7:      layout_rooms, minmay_misc_feat_encased
D:8:      gammafunk_wand_slinger, layout_loops_corners, old_standard_altar,
          eat_drink_and_be_merry_uskayaw
D:9:      layout_irregular_city, nicolae_overflow_hidden_temple, serial_shops,
          nicolae_shop_trees, minmay_mirror_moons_of_madness, uniq_harold

Skill      XL: |  1  2  3  4  5  6  7  8  9 10 11 |
---------------+----------------------------------+-----
Invocations    | 1 2 3 4 5 6 |  6.7
Short Blades   | 1 2 3 4 5 6 |  6.1
Long Blades    | 1 2 3 4 5 6 |  6.1
Axes           | 1 2 3 4 5 6 |  6.1
Maces & Flails | 1 2 3 4 5 6 |  6.1
Polearms       | 1 2 3 4 5 6 |  6.1
Staves         | 1 2 3 4 5 6 |  6.1
Ranged Weapons | 1 2 3 4 5 6 |  6.1
Throwing       | 1 2 3 4 5 6 |  6.1
Armour         | 1 2 3 4 5 6 |  6.1
Stealth        | 1 2 3 4 5 6 |  6.1
Shields        | 1 2 3 4 5 6 |  6.1
Spellcasting   | 1 2 3 4 5 6 |  6.1
Evocations     | 1 2 3 4 5 6 |  6.1
Conjurations   | 1 2 3 4 5 |  5.1
Hexes          | 1 2 3 4 5 |  5.1
Summonings     | 1 2 3 4 5 |  5.1
Necromancy     | 1 2 3 4 5 |  5.1
Translocations | 1 2 3 4 5 |  5.1
Transmutations | 1 2 3 4 5 |  5.1
Fire Magic     | 1 2 3 4 5 |  5.1
Ice Magic      | 1 2 3 4 5 |  5.1
Air Magic      | 1 2 3 4 5 |  5.1
Earth Magic    | 1 2 3 4 5 |  5.1
Poison Magic   | 1 2 3 4 5 |  5.1
Fighting       | 3 4 5 6 |  6.7
Dodging        | 5 6 7 |  7.7
Unarmed Combat | 7 8 9 |  9.1
Shapeshifting  | 7 8 |  8.4

Action                     |  1- 3 |  4- 6 |  7- 9 | 10-12 || total
---------------------------+-------+-------+-------+-------++-------
  Melee: Unarmed           |    53 |    96 |   424 |   333 ||   906
         Bite              |     2 |     8 |    51 |    53 ||   114
         Punch             |     2 |     3 |    17 |    19 ||    41
         War axe           |       |       |       |     6 ||     6
   Cast: Confusing Touch   |       |       |     3 |     3 ||     6
         Yara's Violent Un |       |       |       |     1 ||     1
 Invoke: Curse Item        |     1 |     3 |     2 |     2 ||     8
         Shatter the Chain |       |       |     1 |       ||     1
  Evoke: Wand              |       |       |     5 |    18 ||    23
    Use: Scroll            |       |     7 |       |     5 ||    12
         Potion            |       |     2 |     2 |     5 ||     9
   Stab: Sleeping          |     2 |     5 |     3 |     6 ||    16
         Confused          |       |       |     5 |     4 ||     9
         Paralysed         |       |       |     7 |     1 ||     8
 Armour: Animal skin       |     9 |    11 |    46 |       ||    66
         Skin              |       |    46 |    36 |       ||    82
         Robe              |       |       |    83 |   114 ||   197
  Dodge: Dodged            |    26 |    47 |   297 |   323 ||   693
         Form:             |       |     1 |       |       ||     1

Table legend: (Time is in decaauts)
 A = Elapsed time spent in this place.
 B = Non-inter-level travel time spent in this place.
 C = Inter-level travel time spent in this place.
 D = Time resting spent in this place.
 E = Time spent auto-exploring this place.
 F = Levels seen in this place.
 G = Mean time per level.
                   A        B        C        D        E       F      G
               +--------+--------+--------+--------+--------+-----+--------+
         Total |   9180 |   8779 |    401 |    718 |   6313 |   9 | 1020.0 |
       Dungeon |   9180 |   8779 |    401 |    718 |   6313 |   9 | 1020.0 |
               +--------+--------+--------+--------+--------+-----+--------+

Top non-repeatable levels by time:
     D:8: 1906 daAuts
     D:6: 1578 daAuts
     D:5: 1367 daAuts
     D:4: 956 daAuts
     D:2: 759 daAuts
     D:7: 753 daAuts
     D:9: 654 daAuts
     D:3: 629 daAuts
     D:1: 575 daAuts
